 Dungeon Crawl Stone Soup version 0.31.0-12-g77e489cdc1 (webtiles) character file.

Game seed: 14189814648050616929

60 lordive the Shooter (level 3, -1/30 HPs)
             Began as a Minotaur Hunter on Feb 28, 2024.
             Slain by Ijyb
             ... wielding a +0 club
              (3 damage)
             ... on level 3 of the Dungeon.
             The game lasted 00:02:08 (1634 turns).

lordive the Shooter (Minotaur Hunter)               Turns: 1634, Time: 00:02:09

Health: -1/30      AC:  5    Str: 15    XL:     3   Next: 80%
Magic:  2/2        EV: 11    Int:  6    God:
Gold:   62         SH:  0    Dex: 15    Spells: 2/2 levels left

rFire   . . .        a - +0 shortbow
rCold   . . .        (shield currently unavailable)
rNeg    . . .        k - +0 ring mail
rPois   .            (helmet restricted)
rElec   .            (no cloak)
rCorr   .            (no gloves)
SInv    .            (no boots)
Will    .....        (no amulet)
Stlth   +            (no ring)
HPRegen 0.25/turn    (no ring)
MPRegen 0.08/turn

%: no passive effects
@: no status effects
A: horns 2, retaliatory headbutt
a: no special abilities


You were on level 3 of the Dungeon.
You visited 1 branch of the dungeon, and saw 3 of its levels.

You collected 62 gold pieces.

Inventory:

Hand Weapons
 a - a +0 shortbow (weapon)
Armour
 k - a +0 ring mail (worn)
Jewellery
 e - a ring of positive energy
Wands
 c - a wand of roots (3)
Scrolls
 b - a scroll of butterflies
 d - 2 scrolls of fog {unknown}
 g - a scroll of revelation {unknown}
 h - a scroll of identify {unknown}
 i - a scroll of teleportation {unknown}


   Skills:
 + Level 2.8 Fighting
 + Level 5.8 Ranged Weapons
 + Level 0.4 Armour
 + Level 2.2 Dodging
 - Level 0.7 Stealth


You had 2 spell levels left.
You didn't know any spells.
Your spell library contained the following spells:

 Spells                   Type           Power      Damage    Failure   Level
 Slow                     Hex            0%         N/A       69%         1
 Confusing Touch          Hex            0%         N/A       96%         3
 Frozen Ramparts          Ice            0%         1d1       96%         3
 Sigil of Binding         Hex            0%         N/A       96%         3
 Vampiric Draining        Necr           0%         2d6       96%         3
 Leda's Liquefaction      Alch/Erth      0%         N/A       100%        4
 Petrify                  Alch/Erth      0%         N/A       100%        4
 Metabolic Englaciation   Hex/Ice        0%         N/A       100%        5


Dungeon Overview and Level Annotations

Branches:
Dungeon (3/15)

Altars:
Xom

Annotations:
D:3 Ijyb


Innate Abilities, Weirdness & Mutations

You have a pair of horns on your head.
You reflexively headbutt those who attack you in melee.


Message History

Unknown command.
Fire: a) +0 shortbow
Press: ? - help, Q - select action, (/) - cycle Shift-Dir - straight line, f/p - Ijyb
Aim: Ijyb, wielding a +0 club, wearing a +0 scale mail and carrying a wand of mindburst (heavily wounded, 58% to hit)
You shoot an arrow. The arrow barely misses Ijyb.
The kobold shouts!
Ijyb zaps a wand.
Your mind is blasted!
* * * LOW HITPOINT WARNING * * *
Ijyb hits you but does no damage.
Unknown command.
Fire: a) +0 shortbow
Press: ? - help, Q - select action, (/) - cycle Shift-Dir - straight line, f/p - Ijyb
Aim: Ijyb, wielding a +0 club, wearing a +0 scale mail and carrying a wand of mindburst (heavily wounded, 58% to hit)
You shoot an arrow. The arrow barely misses Ijyb.
Ijyb hits you with a +0 club.
* * * LOW HITPOINT WARNING * * *
Unknown command.
Fire: a) +0 shortbow
Press: ? - help, Q - select action, (/) - cycle Shift-Dir - straight line, f/p - Ijyb
Aim: Ijyb, wielding a +0 club, wearing a +0 scale mail and carrying a wand of mindburst (heavily wounded, 58% to hit)
You shoot an arrow. The arrow closely misses Ijyb.
The kobold throws a poisoned dart.
The poisoned dart misses you. Ijyb closely misses you. You furiously retaliate!
You headbutt Ijyb.
Unknown command.
Unknown command.
Fire: a) +0 shortbow
Press: ? - help, Q - select action, (/) - cycle Shift-Dir - straight line, f/p - Ijyb
Aim: Ijyb, wielding a +0 club, wearing a +0 scale mail and carrying a wand of mindburst (heavily wounded, 58% to hit)
You shoot an arrow. The arrow closely misses Ijyb.
Ijyb zaps a wand.
You barely resist.
Unknown command.
It was a potion of brilliance.
You feel clever all of a sudden. Ijyb barely misses you.
It was a potion of cancellation.
Your magical effects are unravelling.
You feel magically purged.
You feel a little less clever now. Ijyb hits you with a +0 club.
You die...

≈...≈≈.≈.#.#
≈.≈≈§§§§.≈§.#
[≈.≈≈≈≈§§≈§.#
..≈.K§§..§..#
.§§≈≈§≈≈≈≈.##
§.§§≈§§..≈.#
§§§§.§≈§≈.##
§§....§§.##
≈§§..§§@##
.§≈§≈≈g##
#.....#
######


You could see Ijyb.

Vanquished Creatures
  3 endoplasms
  3 giant cockroaches
  10 goblins
  3 hobgoblins
  4 jackals (D:1)
  6 kobolds
  A quokka (D:1)
  10 ball pythons
  6 bats
  6 frilled lizards
  3 rats
55 creatures vanquished.

Notes
Turn   | Place    | Note
-------+----------+-------------------------------------------
     0 | D:1      | lordive the Minotaur Hunter began the quest for the Orb.
     0 | D:1      | Reached XP level 1. HP: 18/18 MP: 0/0
    97 | D:1      | Reached XP level 2. HP: 25/25 MP: 1/1
   114 | D:1      | Reached skill level 5 in Ranged Weapons
   590 | D:1      | Reached XP level 3. HP: 27/30 MP: 2/2
   979 | D:2      | Found a shimmering altar of Xom.
  1607 | D:3      | Found a faded altar of an unknown god.
  1612 | D:3      | Identified the +1 helmet "Baso Vye" {rElec rF+ Str+3
                  | Stlth+}
  1618 | D:3      | Noticed Ijyb
  1630 | D:3      | HP: 1/30 [Ijyb/+0 club (3)]
  1634 | D:3      | Slain by Ijyb

Illustrated notes

Levels and vault maps discovered:
D:1:      amcnicky_arrival_choice, layout_loops_corners
D:2:      layout_basic, basic_altar, minmay_fractal_squares_gapless_5
D:3:      layout_loops_ring, shapermc_ecumenical_altar_starsandcircs, uniq_ijyb

Skill      XL: |  1  2 |
---------------+-------+-----
Ranged Weapons | 5 |  5.8
Fighting       | |  2.8
Armour         | |  0.4
Dodging        | |  2.2
Stealth        | |  0.7

Action                     || total
---------------------------++-------
   Fire: Shortbow          ||   166
    Use: Potion            ||     2
 Armour: Leather armour    ||    25
         Ring mail         ||    10
  Dodge: Dodged            ||    43
